 Dungeon Crawl Stone Soup version 0.29-a0-233-g1125b37a9b (webtiles) character file.

Game seed: 3171239908855471279

3220 Armakuni the Destroyer (level 10, 68/74 HPs)
             Began as a Human Conjurer on Feb 26, 2022.
             Quit the game in the Ecumenical Temple on Mar 1, 2022.
             The game lasted 00:20:30 (7249 turns).

Armakuni the Destroyer (Human Conjurer)             Turns: 7249, Time: 00:20:31

Health: 68/74      AC: 15    Str:  8    XL:     10   Next: 17%
Magic:  13/13      EV: 11    Int: 19    God:
Gold:   372        SH:  4    Dex: 11    Spells: 3/13 levels left

rFire   + . .      SeeInvis .   a - +10 spear "Ekughaol" {drain, +Blink rElec Will++ Str-4}
rCold   . . .      Faith    .   j - +0 buckler
rNeg    . . .      Spirit   .   c - +2 robe {rF+}
rPois   .          Reflect  .   e - +0 helmet
rElec   +          Harm     .   N - +2 cloak
rCorr   .          Rampage  .   i - +0 pair of gloves
Will    +++..                   h - +1 pair of boots
Stlth   ++........              M - amulet of magic regeneration
HPRegen 0.22/turn               A - +4 ring of protection
MPRegen 0.53/turn               W - ring of willpower

@: no status effects
A: no striking features
a: Evoke Blink


You were in the Ecumenical Temple.
You visited 2 branches of the dungeon, and saw 8 of its levels.

You collected 372 gold pieces.

Inventory:

Hand Weapons
 a - the +10 spear "Ekughaol" (weapon) {drain, +Blink rElec Will++ Str-4}
   (You found it on level 2 of the Dungeon)

   A truly terrible weapon, it drains the life of any living foe it strikes.
   Str:       It affects your strength (-4).
   rElec:     It insulates you from electricity.
   +Blink:    It lets you blink.
   Will:      It greatly increases your willpower.
 f - a +0 hunting sling
 E - a +1 flail of draining
 J - a +4 dire flail
Missiles
 I - a curare-tipped dart
Armour
 c - a +2 robe of fire resistance (worn)
 e - a +0 helmet (worn)
 h - a +1 pair of boots (worn)
 i - a +0 pair of gloves (worn)
 j - a +0 buckler (worn)
 k - a +0 ring mail
 B - +0 steam dragon scales
 N - a +2 cloak (worn)
Jewellery
 g - an amulet of the acrobat
 o - a ring of ice
 w - a +6 ring of intelligence
 x - a ring of poison resistance
 A - a +4 ring of protection (left hand)
 C - a ring of protection from fire
 H - an amulet of reflection
 M - an amulet of magic regeneration (around neck)
 V - a +6 ring of strength
 W - a ring of willpower (right hand)
Wands
 v - a wand of flame (16)
 L - a wand of polymorph (7)
Scrolls
 b - a scroll of fear
 d - 2 scrolls of enchant weapon
 n - 2 scrolls of teleportation
 t - 2 scrolls of noise
 u - a scroll of summoning
 y - 3 scrolls of fog
 F - a scroll of holy word
Potions
 l - 3 potions of curing {unknown}
 m - 2 potions of berserk rage {unknown}
 p - a potion of heal wounds {unknown}
 q - a potion of flight {unknown}
 r - a potion of mutation {unknown}
 s - 4 potions of degeneration {unknown}
 z - 2 potions of brilliance {unknown}
 D - 2 potions of haste {unknown}
 G - a potion of magic {unknown}


   Skills:
 - Level 5.0 Fighting
 - Level 2.0 Dodging
 - Level 2.0 Stealth
 - Level 4.0 Shields
 - Level 2.0 Spellcasting
 + Level 12.5 Conjurations


You had 3 spell levels left.
You knew the following spells:

 Your Spells              Type           Power      Damage    Failure   Level
a - Magic Dart            Conj           100%       1d8       1%          1
c - Mephitic Cloud        Conj/Pois/Air  17%        N/A       12%         3
m - Iskenderun's Mystic   Conj/Tloc      25%        2d7       16%         4
z - Searing Ray           Conj           98%        2d8       1%          2

Your spell library contained the following spells:

 Spells                   Type           Power      Damage    Failure   Level
 Dazzling Flash           Conj/Hex       50%        N/A       4%          3
 Call Imp                 Summ           1%         N/A       32%         2
 Ozocubu's Armour         Ice            1%         N/A       54%         3
 Fulminant Prism          Conj/Hex       12%        3d9       16%         4
 Ozocubu's Refrigeration  Ice            0%         4d5       100%        7


Dungeon Overview and Level Annotations

Branches:
Dungeon (7/15)             Temple (1/1) D:7

Altars:
Ashenzari
Cheibriados
Dithmenos
Elyvilon
Fedhas
Gozag
Kikubaaqudgha
Makhleb
Nemelex Xobeh
Okawaru
Qazlal
Ru
Sif Muna
Trog
Uskayaw
Vehumet
Wu Jian
Xom
Yredelemnul
Zin
The Shining One

Shops:
D:4 *

Annotations:
D:7 Harold


Message History

Confirm with . or Enter, or press ? or * to list all spells.
You erupt in a blast of force!
The mystic blast hits the wight!
You destroy the wight!
The mystic blast hits the wight!
You destroy the wight!
Items here: )) [[ †.
Things that are here:
a +0 flail; a +0 robe
Items here: ( ) [ †.
You start resting.
Your magical contamination has completely faded away.
There is a staircase to the Ecumenical Temple here.
You start resting.
Magic restored.
You climb downwards.
Welcome back to the Ecumenical Temple!
There is a staircase back to the Dungeon here.
Unknown command.
Unknown command.
There is a staircase back to the Dungeon here.
Okay, then.
Unknown command.
Okay, then.
There is a radiant altar of Vehumet here.
You kneel at the altar of Vehumet.
Unknown command.
Press < or > to pray at altars.
Okay, then.
Okay, then.
Unknown command.
Press < or > to pray at altars.
Okay, then.
Unknown command.
Press < or > to pray at altars.
Okay, then.
Unknown command.
Press < or > to pray at altars.
Search for what [? for help]? staff Unknown command.
Press < or > to pray at altars.
Are you sure you want to abandon this character and quit the game? (Confirm with "yes".)

#..####............#...
#......####........#...
##.........####....#...
#.............####.#..
#..._.........#....#..
#......._....#.....#..
##..........#..[....#.
#.........#....<[...#
#...@....#.#.......#.
#.......#...#.....#..
##.....#....#....#...
#....#.....#.####...
#...#.......#....###
#..#...._...#.......
###.........#.......
##..........#..._...
##...._.......#......


There were no monsters in sight!

Vanquished Creatures
  Pikel (D:5)
  Prince Ribbit (D:5)
  2 steam dragons
  Edmund (D:6)
  An orc warrior (D:6)
  2 sky beasts
  An ogre (D:6)
  A black bear (D:5)
  Pargi (D:3)
  2 centaurs
  4 lemures (D:5)
  A kobold brigand (D:6)
  2 scorpions (D:6)
  14 wights
  3 howler monkeys
  A jelly (D:5)
  A hound (D:2)
  5 iguanas
  2 orc wizards
  7 adders
  A gnoll (D:1)
  A shadow imp (D:5)
  A white imp (D:6)
  2 worms
  2 dart slugs
  16 orcs
  5 ball pythons
  11 endoplasms
  6 giant cockroaches
  6 goblins
  7 hobgoblins
  12 jackals
  5 quokkas
  13 bats
  3 frilled lizards
  12 kobolds
  4 rats
160 creatures vanquished.

Vanquished Creatures (collateral kills)
  The ghost of Flippered the Quickloader, an amateur GnHu of Jiyva (D:4)
  An adder (D:4)
2 creatures vanquished.

Grand Total: 162 creatures vanquished

Notes
Turn   | Place    | Note
-------+----------+-------------------------------------------
     0 | D:1      | Armakuni the Human Conjurer began the quest for the Orb.
     0 | D:1      | Reached XP level 1. HP: 13/13 MP: 3/3
   214 | D:1      | Reached XP level 2. HP: 19/19 MP: 3/5
   238 | D:1      | Learned a level 2 spell: Searing Ray
   558 | D:1      | Reached skill level 5 in Conjurations
   558 | D:1      | Reached XP level 3. HP: 24/24 MP: 0/6
  1253 | D:2      | Reached XP level 4. HP: 30/30 MP: 2/7
  1477 | D:2      | Found a stormy altar of Qazlal.
  1838 | D:2      | Identified the +10 spear "Ekughaol" {drain, +Blink rElec
                  | Will++ Str-4}
  1954 | D:3      | Reached skill level 6 in Conjurations
  1954 | D:3      | Reached XP level 5. HP: 34/35 MP: 8/8
  1959 | D:3      | Learned a level 4 spell: Iskenderun's Mystic Blast
  2627 | D:3      | Noticed Pargi
  2656 | D:3      | Killed Pargi
  2657 | D:3      | Reached skill level 1 in Fighting
  2657 | D:3      | Reached skill level 1 in Shields
  2657 | D:3      | Reached XP level 6. HP: 20/43 MP: 6/9
  3558 | D:4      | Found a runed translucent door.
  3563 | D:4      | Noticed Flippered's ghost (amateur GnHu)
  3694 | D:4      | Found Coveurof's Gadget Gallery.
  4114 | D:4      | Killed Flippered's ghost
  4115 | D:4      | Reached XP level 7. HP: 50/51 MP: 10/10
  4143 | D:5      | Entered Level 5 of the Dungeon
  4168 | D:5      | Noticed Pikel
  4189 | D:5      | Killed Pikel
  4190 | D:5      | Reached skill level 7 in Conjurations
  4190 | D:5      | Reached XP level 8. HP: 52/60 MP: 3/11
  4199 | D:5      | Learned a level 3 spell: Mephitic Cloud
  4356 | D:5      | Noticed Prince Ribbit
  4366 | D:5      | Killed Prince Ribbit
  4367 | D:5      | Reached skill level 5 in Fighting
  4367 | D:5      | Reached skill level 8 in Conjurations
  4452 | D:5      | Found a blossoming altar of Fedhas.
  4665 | D:5      | Reached XP level 9. HP: 68/68 MP: 12/12
  4997 | D:5      | Found a glowing golden altar of the Shining One.
  5274 | D:6      | Reached skill level 9 in Conjurations
  5547 | D:6      | Noticed Edmund
  5561 | D:6      | Killed Edmund
  5562 | D:6      | Reached skill level 10 in Conjurations
  5783 | D:6      | Identified the +7 short sword of Anguish {antimagic,
                  | Stlth+}
  6171 | D:6      | Reached skill level 11 in Conjurations
  6279 | D:6      | Found a shimmering blue altar of Sif Muna.
  6703 | D:7      | Reached skill level 12 in Conjurations
  6703 | D:7      | Reached XP level 10. HP: 71/74 MP: 7/13
  6744 | D:7      | Found a staircase to the Ecumenical Temple.
  6852 | D:7      | Noticed Harold
  6881 | Temple   | Entered the Ecumenical Temple
  7159 | Temple   | Upgraded the game from 0.29-a0-221-gceb61267dd to
                  | 0.29-a0-233-g1125b37a9b
  7249 | Temple   | Quit the game

Illustrated notes

Levels and vault maps discovered:
D:1:      lightli_arrival_boilingwater, layout_rooms
D:2:      layout_basic, basic_altar
D:3:      minmay_spotlight, layout_loops_corners, eino_tiny_chamber,
          minmay_misc_feat_hallway, minmay_misc_feat_room, minmay_pentangle,
          uniq_pargi
D:4:      layout_basic, ebering_ghost_sewer_d, nicolae_shop_gadgets
D:5:      layout_basic, tso_oasis_becter, marbit_many_paths,
          chequers_serial_rivers_micro_e, uniq_prince_ribbit1, uniq_pikel
D:6:      layout_loops_cross, led_sif_pool, serial_rivers,
          chequers_serial_rivers_micro_d, chequers_serial_rivers_micro_a,
          chequers_serial_rivers_micro_b, chequers_serial_rivers_room_b,
          uniq_edmund
D:7:      layout_rooms, minmay_temple_entry_large_hall, serial_shops, shop,
          uniq_harold
Temple:   mainiacjoe_temple_coin_purse

Skill      XL: |  1  2  3  4  5  6  7  8  9 |
---------------+----------------------------+-----
Conjurations   | 5 6 7 8 12 | 12.5
Fighting       | 1 2 4 5 |  5.0
Shields        | 1 2 4 |  4.0
Dodging        | |  2.0
Stealth        | |  2.0
Spellcasting   | |  2.0

Action                   |  1- 3 |  4- 6 |  7- 9 | 10-12 || total
-------------------------+-------+-------+-------+-------++-------
Melee: Unarmed           |    23 |       |       |       ||    23
       Flail             |    13 |    16 |       |       ||    29
       Spear             |       |   111 |   110 |    36 ||   257
 Cast: Magic Dart        |    11 |       |       |       ||    11
       Searing Ray       |    23 |     8 |    16 |       ||    47
       Mephitic Cloud    |       |       |     3 |       ||     3
       Iskenderun's Myst |       |       |       |     2 ||     2
Evoke: Wand              |       |       |     3 |     5 ||     8
  Use: Potion            |       |     2 |       |       ||     2
       Scroll            |       |     6 |     2 |     2 ||    10
 Stab: Sleeping          |       |     5 |     2 |       ||     7
       Distracted        |       |     1 |       |       ||     1
Armor: Robe              |     6 |    34 |    41 |    27 ||   108
       Skin              |       |    33 |       |       ||    33
Dodge: Dodged            |    58 |    62 |    49 |    18 ||   187
Block: Other             |       |    17 |       |       ||    17
       Reflection        |       |     1 |       |       ||     1
       Buckler           |       |       |    16 |    11 ||    27

Table legend: (Time is in decaauts)
 A = Elapsed time spent in this place.
 B = Non-inter-level travel time spent in this place.
 C = Inter-level travel time spent in this place.
 D = Time resting spent in this place.
 E = Time spent auto-exploring this place.
 F = Levels seen in this place.
 G = Mean time per level.
                   A        B        C        D        E       F      G
               +--------+--------+--------+--------+--------+-----+--------+
         Total |   7301 |   6992 |    309 |    996 |   4178 |   8 |  912.6 |
       Dungeon |   6969 |   6673 |    296 |    811 |   4094 |   7 |  995.6 |
        Temple |    332 |    319 |     13 |    185 |     84 |   1 |  332.0 |
               +--------+--------+--------+--------+--------+-----+--------+

Top non-repeatable levels by time:
     D:3: 1427 daAuts
     D:6: 1318 daAuts
     D:1: 1164 daAuts
     D:5: 1125 daAuts
     D:2: 798 daAuts
     D:4: 777 daAuts
     D:7: 357 daAuts
  Temple: 332 daAuts
